cohdb
Replays
Latest Replays
All Replays
Popular Replays
Top Player Replays
Match Explorer
How It Works
Community
CoH3 Stats
Reddit
Sign in to upload your games and track your stats! →
Sign in with Steam
Match 40323620
Unlisted
Match 40323620
Overview
Messages
Build Orders
End
Construct Infanterie Kompanie
Kettenkrad Recon Vehicle
MG 42 Machine Gun Team
Grenadier Squad
Grenadier Squad
Grenadier Squad
Construct Panzergrenadier Kompanie
251 Medium Carrier
MG 42 Machine Gun Team
Pak 40 Anti-tank Gun Team
Support Elements
Selects Terror Battlegroup
Selects Interrogate
Selects Jericho Trumpet
Nebelwerfer 42 Rocket Launcher Team
Panzergrenadier Squad
StuG III G Assault Gun
Selects Machine Gun Camouflage
Medical Bunker
Pioneer Squad
Side Skirts
Nebelwerfer 42 Rocket Launcher Team
Panzergrenadier Officer Quarters
Selects V1 Rocket Strike
Pak 40 Anti-tank Gun Team
V1 Rocket Strike
Grenadier Squad
Grenadier Squad
Selects No Quarter
StuG III G Assault Gun
V1 Rocket Strike
『BlackBear』
Marci.
FooKilla
marcmorn
0
0
Comments
sign in to comment!
No comments posted yet!